 Dungeon Crawl Stone Soup version 0.25.1-2-g60ff931df9 (webtiles) character file.

Game seed: 12818264272052045635

1017 DogServant the Ruffian (level 8, -3/69 HPs)
             Began as a Naga Transmuter on Oct 18, 2020.
             Slain by a centaur
             ... wielding a cursed -1 shortbow
              (5 damage)
             ... on level 5 of the Dungeon.
             The game lasted 00:11:37 (5178 turns).

DogServant the Ruffian (Naga Transmuter)            Turns: 5178, Time: 00:11:38

Health: -3/69      AC:  6    Str: 13 (14) XL:     8   Next: 22%
Magic:  3/12       EV: 10    Int: 13 (14) God:
Gold:   47         SH:  0    Dex:  9 (12) Spells: 2/13 levels left

rFire    . . .     SeeInvis +   z - +2 falchion (elec)
rCold    . . .     Gourm    .   (no shield)
rNeg     . . .     Faith    .   o - +0 robe
rPois    +         Spirit   .   (no helmet)
rElec    +         Reflect  .   b - +0 cloak (curse)
rCorr    .         Harm     .   r - +1 pair of gloves
MR       +....                  (no barding)
Stlth    +.........             (no amulet)
HPRegen  0.21/turn              (no ring)
MPRegen  0.13/turn              (no ring)

@: appendage (expiring), stab, very slow
A: large, horns 2, see invisible, deformed body, poison resistance, electricity
resistance, slowness 2, slow metabolism 1, spit poison 2, AC +2
a: Breathe Poison Gas, End Transformation


You were on level 5 of the Dungeon.
You were very hungry.
You had grown temporary horns.
You visited 1 branch of the dungeon, and saw 5 of its levels.

You collected 219 gold pieces.
You spent 172 gold pieces at shops.

Inventory:

Hand Weapons
 h - a +1 short sword of holy wrath
 z - a +2 falchion of electrocution (weapon)
Missiles
 a - 58 arrows
 y - 13 poisoned darts (quivered)
Armour
 b - a cursed +0 cloak (worn)
 k - a +2 leather armour of cold resistance
 o - a +0 robe (worn)
 r - a +1 pair of gloves (worn)
Wands
 c - a wand of flame (16)
Scrolls
 e - 2 scrolls of enchant armour
 f - a scroll of fear
 i - 3 scrolls of teleportation
 j - a scroll of remove curse
 m - a scroll of random uselessness {unknown}
 n - 2 scrolls of blinking {unknown}
 q - a scroll of noise {unknown}
 w - a scroll of enchant weapon {unknown}
 x - a scroll of magic mapping
 A - a scroll of amnesia
Potions
 g - a potion of degeneration
 s - 4 potions of flight {unknown}
 t - a potion of brilliance {unknown}
 u - a potion of magic {unknown}
 v - a potion of lignification {unknown}
 B - 2 potions of haste {unknown}
Comestibles
 d - 9 rations
 C - 6 chunks of flesh


   Skills:
 - Level 3.0 Fighting
 - Level 2.0 Dodging
 + Level 6.4 Unarmed Combat
 - Level 3.0 Spellcasting
 + Level 5.5 Transmutations
 - Level 3.4 Poison Magic


You had 2 spell levels left.
You knew the following spells:

 Your Spells              Type           Power        Failure   Level  Hunger
a - Beastly Appendage     Tmut           ###...       2%          1    #......
b - Spider Form           Tmut/Pois      ##........   11%         3    ###....
c - Sticks to Snakes      Tmut           ###.....     3%          2    ###....
d - Blade Hands           Tmut           ###.......   54%         5    ######.

Your spell library contained the following spells:

 Spells                   Type           Power        Failure   Level  Hunger
 Ice Form                 Ice/Tmut       #.......     58%         4    #####..


Dungeon Overview and Level Annotations

Branches:
Dungeon (5/15)
 Temple: D:4-7

Altars:
Nemelex Xobeh

Shops:
D:4 ([


Innate Abilities, Weirdness & Mutations

You cannot wear boots.
Your serpentine skin is tough. (AC +2)
You have supernaturally acute eyesight. (SInv)
Armour fits poorly on your strangely shaped body.
Your system is resistant to poisons. (rPois)
You cover ground very slowly.
You have a slow metabolism.
You can exhale a cloud of poison.
You have a pair of horns on your head.
You are resistant to electric shocks. (rElec)


Message History

* * * LOW HITPOINT WARNING * * *
The centaur hits you with a cursed -1 shortbow!
* * * LOW HITPOINT WARNING * * *
You barely miss the centaur.
The centaur is moderately wounded.
The centaur barely misses you.
You riposte.
You hit the centaur. Your headbutt misses the centaur.
The centaur is heavily wounded.
The centaur hits you with a cursed -1 shortbow!
* * * LOW HITPOINT WARNING * * *
It was a potion of stabbing.
You feel ready to backstab. The centaur closely misses you.
You riposte.
You closely miss the centaur.
The centaur is heavily wounded.
It was a potion of mutation.
You feel extremely strange.
There is a nasty taste in your mouth for a moment.
You feel insulated.
Your transformation is almost over.
The centaur hits you with a cursed -1 shortbow.
You die...

...............#.#
#.#.#...#.##......
..#.#.........##.#
#.#...#.###.##.#
#.#...#.# #.##.#
#.......###.##.#
###.............
##.#########...#####.....
..$.....@.###...).....#.#
###.#####c####.##.>......
#.((..........#..#.#
#.c..##.###............
..... #.# #........##.#
##.# #.# #.####.##...# #
.!# #.# ... ### #.# ##.
...


You could see a centaur.

Vanquished Creatures
  Grinder (D:5)
  Duvessa (D:5)
  A phantom (D:5)
  Dowan (D:5)
  4 wights (D:4)
  2 crimson imps (D:5)
  Crazy Yiuf (D:2)
  3 orc priests (D:4)
  4 orc wizards (D:4)
  7 adders
  2 oozes
  A worm (D:2)
  A dart slug (D:1)
  3 leopard geckos
  10 orcs (D:4)
  A ball python (D:4)
  8 bats
  3 giant cockroaches
  3 goblins
  9 hobgoblins
  9 jackals
  7 frilled lizards
  9 kobolds
  A leopard gecko zombie (D:5)
  3 rats
95 creatures vanquished.

Notes
Turn   | Place    | Note
-------+----------+-------------------------------------------
     0 | D:1      | DogServant the Naga Transmuter began the quest for the Orb.
     0 | D:1      | Reached XP level 1. HP: 18/18 MP: 3/3
   294 | D:1      | Reached XP level 2. HP: 20/26 MP: 3/5
   816 | D:1      | Reached XP level 3. HP: 25/32 MP: 6/6
  1478 | D:2      | Learned a level 3 spell: Spider Form
  1686 | D:2      | Reached skill level 1 in Poison Magic
  1853 | D:2      | Reached XP level 4. HP: 39/39 MP: 7/7
  2301 | D:2      | Found a runed translucent door.
  2302 | D:2      | Noticed Crazy Yiuf
  2308 | D:2      | Killed Crazy Yiuf
  2308 | D:2      | Reached skill level 4 in Unarmed Combat
  2795 | D:3      | Reached XP level 5. HP: 43/45 MP: 8/8
  3264 | D:4      | Found Xubruw's Antique Armour Boutique.
  3267 | D:4      | Found Ciolik's Weapon Shoppe.
  3537 | D:4      | Reached XP level 6. HP: 34/54 MP: 9/9
  3545 | D:4      | Learned a level 2 spell: Sticks to Snakes
  3948 | D:4      | Reached skill level 5 in Unarmed Combat
  3948 | D:4      | Reached XP level 7. HP: 45/62 MP: 6/10
  4101 | D:4      | Bought a runed cloak for 172 gold pieces
  4376 | D:4      | Found a sparkling altar of Nemelex Xobeh.
  4491 | D:5      | Entered Level 5 of the Dungeon
  4501 | D:5      | Noticed Dowan
  4502 | D:5      | Noticed Duvessa
  4518 | D:5      | Killed Duvessa
  4519 | D:5      | Killed Dowan
  4760 | D:5      | Reached skill level 5 in Transmutations
  4782 | D:5      | Reached skill level 6 in Unarmed Combat
  4782 | D:5      | Reached XP level 8. HP: 26/69 MP: 8/12
  4833 | D:5      | Learned a level 5 spell: Blade Hands
  5135 | D:5      | Noticed Grinder
  5156 | D:5      | Killed Grinder
  5176 | D:5      | HP: 1/69 [centaur/cursed -1 shortbow (9)]
  5178 | D:5      | Gained mutation: You can exhale a cloud of poison. [potion
                  | of mutation]
  5178 | D:5      | Gained mutation: You are resistant to electric shocks.
                  | (rElec) [potion of mutation]
  5178 | D:5      | Slain by a centaur

Illustrated notes

Levels and vault maps discovered:
D:1:      tarquinn_simple_flora_water_a, layout_loops_corners
D:2:      layout_loops_ring, first_ration, uniq_crazy_yiuf_cottage
D:3:      layout_basic
D:4:      layout_loops_cross, nemelex_xobeh_ov_fountains_minmay, serial_shops,
          shop, nicolae_shop_window_shopping, corexii_shack
D:5:      layout_loops_cross, grunt_gozag_breadcrumbs, uniq_grinder,
          uniq_duvessa, uniq_blork_the_orc

Skill      XL: |  1  2  3  4  5  6  7  8 |
---------------+-------------------------+-----
Fighting       | 2 3 |  3.0
Poison Magic   | 1 2 3 |  3.4
Unarmed Combat | 4 5 6 |  6.4
Transmutations | 3 5 |  5.5
Spellcasting   | 3 |  3.0
Dodging        | 2 |  2.0

Action                   |  1- 3 |  4- 6 |  7- 9 || total
-------------------------+-------+-------+-------++-------
Melee: Unarmed           |    20 |    17 |       ||    37
       Headbutt          |     6 |     2 |    12 ||    20
       Punch             |     2 |       |     3 ||     5
       Spear             |    76 |    82 |       ||   158
       Falchion          |       |       |    87 ||    87
 Cast: Beastly Appendage |    11 |     3 |     9 ||    23
       Sticks to Snakes  |       |     1 |     6 ||     7
       Spider Form       |       |     1 |       ||     1
 Abil: Spit Poison       |     8 |    13 |     8 ||    29
  Use: Scroll            |       |     9 |     1 ||    10
       Potion            |       |     4 |     4 ||     8
  Eat: Chunk             |     3 |     6 |     4 ||    13
Armor: Robe              |    18 |    17 |    35 ||    70
       Skin              |       |     2 |       ||     2
Dodge: Dodged            |    45 |    43 |    57 ||   145
       Rpst.: Falchion   |       |       |    21 ||    21
